AoeStats
← Talan

Arena

506515845Analyzed
1v1 RM · 19d ago on Sep 13, 2026· 90m 39s· 2 players
Game mode
Random Map
Map size
Tiny (2 player)
Population
200
Speed
Normal
Resources
Standard
Victory
Conquest
Starting age
Dark Age
Ending age
Imperial Age
RankedLock teamsTeams togetherTeam positionsShared explorationLock speedFull tech treeHidden civsTurbo modeCheats
Victory
Defeat
🇩🇪 Portuguese · Germany
1009
+17
🇨🇱 Slavs · Chile
1023
-17
war of attrition
7:47 Loom
10:21 Feudal Age
10:55 Town Watch
15:21 Castle Age
14:05 Double-Bit Axe
26:49 Horse Collar
29:02 Town Patrol
31:53 Imperial Age
32:00 Imperial Age
30:51 Fortified Wall
32:26 Wheelbarrow
33:47 Chemistry
36:11 Hand Cart
38:21 Guard Tower
38:37 Siege Engineers
39:30 Fletching
40:26 Bodkin Arrow
40:59 Bow Saw
41:42 Keep
41:59 Bracer
42:10 Forging
42:56 Scale Barding Armor
43:49 Conscription
43:30 Arquebus
45:23 Chain Barding Armor
46:42 Cavalier
47:22 Husbandry
47:33 Bloodlines
46:44 Light Cavalry
52:07 Plate Barding Armor
51:33 Scale Mail Armor
51:43 Forging
52:52 Two-Man Saw
53:11 Masonry
52:57 Murder Holes
52:42 Treadmill Crane
54:06 Chain Mail Armor
54:26 Iron Casting
55:41 Plate Mail Armor
55:50 Architecture
57:07 Blast Furnace
Talan
3:19 Loom
10:33 Feudal Age
11:03 Double-Bit Axe
11:00 Horse Collar
13:36 Gold Mining
13:49 Man-at-Arms
14:57 Forging
15:52 Scale Mail Armor
21:34 Castle Age
21:13 Wheelbarrow
20:23 Town Watch
21:37 Town Watch
21:49 Stone Mining
22:00 Long Swordsman
23:45 Bow Saw
23:42 Heavy Plow
24:52 Hand Cart
24:58 Light Cavalry
25:49 Squires
27:31 Town Patrol
29:26 Chain Mail Armor
29:28 Bloodlines
29:39 Husbandry
30:58 Iron Casting
30:50 Detinets
33:13 Gold Shaft Mining
34:44 Scale Barding Armor
41:05 Imperial Age
41:36 Chain Barding Armor
42:23 Conscription
43:12 Chemistry
42:33 Ballistics
43:50 Plate Barding Armor
42:45 Elite Boyar
44:50 Two-Man Saw
44:41 Crop Rotation
45:09 Capped Ram
47:09 Druzhina
49:28 Two-Handed Swordsman
51:57 Blast Furnace
51:27 Plate Mail Armor
51:15 Padded Archer Armor
51:08 Fletching
52:01 Siege Ram
53:56 Siege Engineers
54:35 Hoardings
53:32 Champion
53:38 Pikeman
54:32 Bodkin Arrow
54:40 Murder Holes
56:57 Hussar
Connection lost

Rejoining the realm…

Still unreachable

The connection could not be restored.

Session expired

The server has moved on; the page needs a fresh start.